TOP OF THE 1ST |
Boston Red Sox batting - Pitching for Oakland Athletics : RHP Danny Darwin
|
Pitching: RHP Danny Darwin
|
|
Batting: SHB Dave Collins
|
0-0: Ball 1-0: Foul Ball, location: 2F 1-1: SINGLE (Line Drive, 9LS, EV 91.9 MPH)
|
Batting: LHB Willie Aikens
|
0-0: Ball 1-0: Ball 2-0: SINGLE (Groundball, 4MD, EV 101.9 MPH) Dave Collins to second Runner from 2nd tries for 3rd, SAFE, throw by CF made to third
|
Batting: LHB George Brett
|
0-0: Ball 1-0: Ball 2-0: Ball 3-0: Called Strike 3-1: Swinging Strike 3-2: Strikes out looking Willie Aikens steals 2nd base Batter strikes out.
|
Batting: LHB Claudell Washington
|
0-0: Swinging Strike 0-1: Ball 1-1: Ball 2-1: Called Strike 2-2: Ground out 4-3 (Groundball, 4, EV 101.9 MPH) Dave Collins scores Willie Aikens to third
|
Batting: SHB Phil Ouellette
|
0-0: Ball 1-0: Fly out, F9 (Line Drive, 9, EV 94.4 MPH)
|
Top of the 1st over - 1 run, 2 hits, 0 errors, 1 left on base; Boston 1 - Oakland 0 |
BOTTOM OF THE 1ST |
Oakland Athletics batting - Pitching for Boston Red Sox : LHP Gary Perritt
|
Pitching: LHP Gary Perritt
|
|
Batting: SHB Mike Turgeon
|
0-0: Foul Ball, location: 2F 0-1: Foul Ball, location: 2F 0-2: Fly out, F8 (Line Drive, 78M, EV 87.5 MPH)
|
Batting: LHB Ruppert Jones
|
0-0: Foul Ball, location: 2F 0-1: Ball 1-1: Ball 2-1: Ball 3-1: Foul Ball, location: 2F 3-2: Base on Balls
|
Batting: RHB Dave Henderson
|
0-0: Called Strike 0-1: Called Strike 0-2: Ball 1-2: Fly out, F4 (Flyball, 34D, EV 84.4 MPH)
|
Batting: LHB Reggie Jackson
|
0-0: Ball 1-0: Called Strike 1-1: Fielders Choice at 2nd, 6-4 (Groundball, 6, EV 83.8 MPH)
|
Bottom of the 1st over - 0 runs, 0 hits, 0 errors, 1 left on base; Boston 1 - Oakland 0 |
TOP OF THE 2ND |
Boston Red Sox batting - Pitching for Oakland Athletics : RHP Danny Darwin
|
Batting: LHB Daryl Sconiers
|
0-0: Fly out, F9 (Flyball, 89S, EV 78.8 MPH)
|
Batting: RHB Kevin Klettke
|
0-0: Ball 1-0: Ball 2-0: Called Strike 2-1: Foul Ball, location: 2F 2-2: Fly out, F9 (Flyball, 9D, EV 104.4 MPH)
|
Batting: RHB Josh Grimes
|
0-0: Ball 1-0: Ball 2-0: Ground out 4-3 (Groundball, 4M, EV 93.8 MPH)
|
Top of the 2nd over - 0 runs, 0 hits, 0 errors, 0 left on base; Boston 1 - Oakland 0 |
BOTTOM OF THE 2ND |
Oakland Athletics batting - Pitching for Boston Red Sox : LHP Gary Perritt
|
Batting: LHB Ben Oglivie
|
0-0: Ball 1-0: Ball 2-0: Ball 3-0: Base on Balls
|
Batting: RHB Barry Evans
|
0-0: Ball 1-0: Called Strike 1-1: Called Strike 1-2: Foul Ball, location: 2F 1-2: Foul Ball, location: 2F 1-2: Strikes out looking
|
Batting: RHB Willie Darkis
|
0-0: Called Strike 0-1: Foul Ball, location: 2F 0-2: Strikes out swinging
|
Batting: RHB Earl C Williams
|
0-0: Foul Ball, location: 2F 0-1: Fielders Choice at 2nd, 5-4 (Groundball, 56, EV 89.4 MPH)
|
Bottom of the 2nd over - 0 runs, 0 hits, 0 errors, 1 left on base; Boston 1 - Oakland 0 |
TOP OF THE 3RD |
Boston Red Sox batting - Pitching for Oakland Athletics : RHP Danny Darwin
|
Batting: SHB Nelson Norman
|
0-0: Called Strike 0-1: Foul Ball, location: 2F 0-2: Ball 1-2: Ball 2-2: Fly out, F8 (Flyball, 8LD, EV 98.8 MPH)
|
Batting: SHB Dave Collins
|
0-0: Ground out 5-3 (Groundball, 56S, EV 68.8 MPH)
|
Batting: LHB Willie Aikens
|
0-0: Ball 1-0: Ground out 4-3 (Groundball, 4, EV 82.5 MPH)
|
Top of the 3rd over - 0 runs, 0 hits, 0 errors, 0 left on base; Boston 1 - Oakland 0 |
BOTTOM OF THE 3RD |
Oakland Athletics batting - Pitching for Boston Red Sox : LHP Gary Perritt
|
Batting: RHB Fred Andrews
|
0-0: Called Strike 0-1: Ball 1-1: Foul Ball, location: 2F 1-2: Ball 2-2: Fly out, F8 (Flyball, 89M, EV 85.0 MPH)
|
Batting: SHB Mike Turgeon
|
0-0: Ball 1-0: Foul Ball, location: 2F 1-1: Foul Ball, location: 2F 1-2: Foul Ball, location: 2F 1-2: Foul Ball, location: 2F 1-2: Strikes out looking
|
Batting: LHB Ruppert Jones
|
0-0: Fly out, F8 (Line Drive, 8RM, EV 105.6 MPH)
|
Bottom of the 3rd over - 0 runs, 0 hits, 0 errors, 0 left on base; Boston 1 - Oakland 0 |
TOP OF THE 4TH |
Boston Red Sox batting - Pitching for Oakland Athletics : RHP Danny Darwin
|
Batting: LHB George Brett
|
0-0: Ball 1-0: Ball 2-0: Called Strike 2-1: Swinging Strike 2-2: Ground out 6-3 (Groundball, 6, EV 81.9 MPH)
|
Batting: LHB Claudell Washington
|
0-0: Fly out, F7 (Flyball, 7LM, EV 86.9 MPH)
|
Batting: SHB Phil Ouellette
|
0-0: Called Strike 0-1: Ball 1-1: Called Strike 1-2: Strikes out swinging
|
Top of the 4th over - 0 runs, 0 hits, 0 errors, 0 left on base; Boston 1 - Oakland 0 |
BOTTOM OF THE 4TH |
Oakland Athletics batting - Pitching for Boston Red Sox : LHP Gary Perritt
|
Batting: RHB Dave Henderson
|
0-0: Foul Ball, location: 2F 0-1: Called Strike 0-2: Ball 1-2: Ball 2-2: Ball 3-2: Ground out 4-3 (Groundball, 4, EV 86.9 MPH)
|
Batting: LHB Reggie Jackson
|
0-0: Called Strike 0-1: Foul Ball, location: 2F 0-2: Foul Ball, location: 2F 0-2: Ball 1-2: Strikes out swinging
|
Batting: LHB Ben Oglivie
|
0-0: Called Strike 0-1: Ball 1-1: Called Strike 1-2: Foul Ball, location: 2F 1-2: SINGLE (Line Drive, 3D, EV 97.5 MPH)
|
Batting: RHB Barry Evans
|
0-0: Ball 1-0: SINGLE (Groundball, 56D, EV 95.6 MPH) Ben Oglivie to second Runner from 2nd tries for 3rd, SAFE, throw by LF made at trailing runner, OUT! 7-6-4
|
Bottom of the 4th over - 0 runs, 2 hits, 0 errors, 1 left on base; Boston 1 - Oakland 0 |
TOP OF THE 5TH |
Boston Red Sox batting - Pitching for Oakland Athletics : RHP Danny Darwin
|
Batting: LHB Daryl Sconiers
|
0-0: Called Strike 0-1: Ball 1-1: Foul Ball, location: 2F 1-2: Ball 2-2: Strikes out looking
|
Batting: RHB Kevin Klettke
|
0-0: Ball 1-0: Hit by Pitch
|
Batting: RHB Josh Grimes
|
0-0: Grounds into double play, 6-4-3 (Groundball, 6, EV 103.8 MPH)
|
Top of the 5th over - 0 runs, 0 hits, 0 errors, 0 left on base; Boston 1 - Oakland 0 |
BOTTOM OF THE 5TH |
Oakland Athletics batting - Pitching for Boston Red Sox : LHP Gary Perritt
|
Batting: RHB Willie Darkis
|
0-0: Called Strike 0-1: Ball 1-1: Ball 2-1: Foul Ball, location: 2F 2-2: SOLO HOME RUN (Flyball, 8RXD, EV 90.6 MPH), Distance : 431 ft
|
Batting: RHB Earl C Williams
|
0-0: Ball 1-0: Foul Ball, location: 2F 1-1: Called Strike 1-2: Fly out, F8 (Flyball, 89D, EV 100.6 MPH)
|
Batting: RHB Fred Andrews
|
0-0: Called Strike 0-1: Fly out, F9 (Flyball, 9, EV 90.6 MPH)
|
Batting: SHB Mike Turgeon
|
0-0: Ball 1-0: Ball 2-0: Fly out, F9 (Line Drive, 9D, EV 93.8 MPH)
|
Bottom of the 5th over - 1 run, 1 hit, 0 errors, 0 left on base; Boston 1 - Oakland 1 |
TOP OF THE 6TH |
Boston Red Sox batting - Pitching for Oakland Athletics : RHP Danny Darwin
|
Batting: SHB Nelson Norman
|
0-0: Fly out, F8 (Line Drive, 8LM, EV 92.5 MPH)
|
Batting: SHB Dave Collins
|
0-0: Ball 1-0: Ball 2-0: Ground out U3 (Groundball, 3, EV 99.4 MPH)
|
Batting: LHB Willie Aikens
|
0-0: Foul Ball, location: 2F 0-1: Ball 1-1: Fly out, F9 (Flyball, 9, EV 88.8 MPH)
|
Top of the 6th over - 0 runs, 0 hits, 0 errors, 0 left on base; Boston 1 - Oakland 1 |
BOTTOM OF THE 6TH |
Oakland Athletics batting - Pitching for Boston Red Sox : LHP Gary Perritt
|
Batting: LHB Ruppert Jones
|
0-0: Ball 1-0: Foul Ball, location: 2F 1-1: DOUBLE (Line Drive, 7LS, EV 110.0 MPH)
|
Batting: RHB Dave Henderson
|
0-0: Fly out, F8 (Flyball, 8RXD, EV 99.4 MPH) Runner from 2nd tags up, SAFE at 3rd, no throw by CF
|
Batting: LHB Reggie Jackson
|
0-0: Ball 1-0: Foul Ball, location: 2F 1-1: Swinging Strike 1-2: Strikes out swinging
|
Batting: LHB Ben Oglivie
|
0-0: Ball 1-0: Fly out, F4 (Line Drive, 4, EV 65.6 MPH)
|
Bottom of the 6th over - 0 runs, 1 hit, 0 errors, 1 left on base; Boston 1 - Oakland 1 |
TOP OF THE 7TH |
Boston Red Sox batting - Pitching for Oakland Athletics : RHP Danny Darwin
|
Batting: LHB George Brett
|
0-0: Ground out 5-3 (Groundball, 5, EV 86.3 MPH)
|
Batting: LHB Claudell Washington
|
0-0: Called Strike 0-1: Called Strike 0-2: Ground out 6-3 (Groundball, 6M, EV 83.1 MPH)
|
Batting: SHB Phil Ouellette
|
0-0: Called Strike 0-1: Foul Ball, location: 2F 0-2: Strikes out swinging
|
Top of the 7th over - 0 runs, 0 hits, 0 errors, 0 left on base; Boston 1 - Oakland 1 |
BOTTOM OF THE 7TH |
Oakland Athletics batting - Pitching for Boston Red Sox : LHP Gary Perritt
|
Batting: RHB Barry Evans
|
0-0: SINGLE (Flyball, 78S, EV 88.1 MPH)
|
Batting: RHB Willie Darkis
|
0-0: Ball 1-0: Foul Ball, location: 2F 1-1: Ball 2-1: Called Strike 2-2: Grounds into double play, 6-4-3 (Groundball, 6M, EV 86.9 MPH)
|
Batting: RHB Earl C Williams
|
0-0: Foul Ball, location: 2F 0-1: Ball 1-1: Fly out, F6 (Popup, 6MS, EV 76.3 MPH)
|
Bottom of the 7th over - 0 runs, 1 hit, 0 errors, 0 left on base; Boston 1 - Oakland 1 |
TOP OF THE 8TH |
Boston Red Sox batting - Pitching for Oakland Athletics : RHP Danny Darwin
|
Batting: LHB Daryl Sconiers
|
0-0: Called Strike 0-1: Ball 1-1: Foul Ball, location: 2F 1-2: Strikes out swinging
|
Batting: RHB Kevin Klettke
|
0-0: Ball 1-0: Fly out, F3 (Popup, 3S, EV 70.0 MPH)
|
Batting: RHB Josh Grimes
|
0-0: SINGLE (Line Drive, 7S, EV 102.5 MPH)
|
Pinch Runner at 1st Albert Hall:
|
|
Batting: SHB Nelson Norman
|
0-0: Foul Ball, location: 2F 0-1: Called Strike 0-2: Ball Albert Hall steals 2nd base 1-2: Foul Ball, location: 2F 1-2: Strikes out swinging
|
Top of the 8th over - 0 runs, 1 hit, 0 errors, 1 left on base; Boston 1 - Oakland 1 |
BOTTOM OF THE 8TH |
Oakland Athletics batting - Pitching for Boston Red Sox : LHP Gary Perritt
|
Now at SS: Albert Hall
|
|
Batting: RHB Fred Andrews
|
0-0: Ground out 6-3 (Groundball, 6MS, EV 68.1 MPH)
|
Batting: SHB Mike Turgeon
|
0-0: Foul Ball, location: 2F 0-1: Ball 1-1: Ball 2-1: Ground out 6-3 (Groundball, 6, EV 88.1 MPH)
|
Batting: LHB Ruppert Jones
|
0-0: Ball 1-0: Swinging Strike 1-1: Called Strike 1-2: Foul Ball, location: 2F 1-2: Ground out 5-3 (Groundball, 56, EV 83.1 MPH)
|
Bottom of the 8th over - 0 runs, 0 hits, 0 errors, 0 left on base; Boston 1 - Oakland 1 |
TOP OF THE 9TH |
Boston Red Sox batting - Pitching for Oakland Athletics : RHP Danny Darwin
|
Batting: SHB Dave Collins
|
0-0: Ball 1-0: Ball 2-0: Foul Ball, location: 2F 2-1: Fly out, F7 (Flyball, 7D, EV 95.6 MPH)
|
Batting: LHB Willie Aikens
|
0-0: Called Strike 0-1: Swinging Strike 0-2: Ball 1-2: Strikes out looking
|
Batting: LHB George Brett
|
0-0: Ball 1-0: Foul Ball, location: 2F 1-1: Ball 2-1: Ball 3-1: Fly out, F8 (Flyball, 8RD, EV 100.6 MPH)
|
Top of the 9th over - 0 runs, 0 hits, 0 errors, 0 left on base; Boston 1 - Oakland 1 |
BOTTOM OF THE 9TH |
Oakland Athletics batting - Pitching for Boston Red Sox : LHP Gary Perritt
|
Pitching: RHP Bruce Sutter
|
|
Batting: RHB Dave Henderson
|
0-0: Ball 1-0: Called Strike 1-1: Foul Ball, location: 2F 1-2: Ball 2-2: Foul Ball, location: 2F 2-2: Foul Ball, location: 2F 2-2: Strikes out swinging
|
Batting: LHB Reggie Jackson
|
0-0: Foul Ball, location: 2F 0-1: Swinging Strike 0-2: Strikes out swinging
|
Batting: LHB Ben Oglivie
|
0-0: Fly out, F8 (Flyball, 89M, EV 93.8 MPH)
|
Bottom of the 9th over - 0 runs, 0 hits, 0 errors, 0 left on base; Boston 1 - Oakland 1 |
TOP OF THE 10TH |
Boston Red Sox batting - Pitching for Oakland Athletics : RHP Danny Darwin
|
Batting: LHB Claudell Washington
|
0-0: Ball 1-0: Foul Ball, location: 2F 1-1: SINGLE (Groundball, 3S, EV 75.0 MPH) (infield hit)
|
Pinch Hitting: RHB Jeff Burroughs
|
0-0: Ball 1-0: Foul Ball, location: 2F 1-1: Fly out, F9 (Flyball, 9S, EV 80.0 MPH)
|
Batting: LHB Daryl Sconiers
|
0-0: Ball 1-0: Foul Ball, location: 2F 1-1: Foul Ball, location: 2F 1-2: Strikes out swinging
|
Pinch Hitting: RHB Richie Zisk
|
0-0: Called Strike 0-1: Fly out, F4 (Popup, 4, EV 60.0 MPH)
|
Top of the 10th over - 0 runs, 1 hit, 0 errors, 1 left on base; Boston 1 - Oakland 1 |
BOTTOM OF THE 10TH |
Oakland Athletics batting - Pitching for Boston Red Sox : RHP Bruce Sutter
|
Now at C: Scotti Madison
|
|
Now at 2B: Jeff Burroughs
|
|
Batting: RHB Barry Evans
|
0-0: Foul Ball, location: 2F 0-1: Foul Ball, location: 2F 0-2: Foul Ball, location: 2F 0-2: Foul Ball, location: 2F 0-2: Ball 1-2: Foul Ball, location: 2F 1-2: Foul Ball, location: 2F 1-2: SINGLE (Groundball, 34D, EV 96.3 MPH)
|
Batting: RHB Willie Darkis
|
0-0: Ball 1-0: Swinging Strike 1-1: Foul Ball, location: 2F 1-2: Strikes out looking
|
Batting: RHB Earl C Williams
|
0-0: Called Strike Barry Evans steals 2nd, throwing error, E2 Barry Evans to third 0-1: Called Strike 0-2: Ball 1-2: Strikes out swinging
|
Pinch Hitting: RHB George Hendrick
|
0-0: Intentional Walk
|
Batting: SHB Mike Turgeon
|
0-0: Ball 1-0: Foul Ball, location: 2F 1-1: Foul Ball, location: 2F 1-2: Strikes out looking
|
Bottom of the 10th over - 0 runs, 1 hit, 1 error, 2 left on base; Boston 1 - Oakland 1 |
TOP OF THE 11TH |
Boston Red Sox batting - Pitching for Oakland Athletics : RHP Danny Darwin
|
Now at SS: John Scott
|
|
Batting: SHB Albert Hall
|
0-0: Ball 1-0: Swinging Strike 1-1: Foul Ball, location: 2F 1-2: Fly out, F4 (Line Drive, 4, EV 68.1 MPH)
|
Batting: SHB Nelson Norman
|
0-0: Foul Ball, location: 2F 0-1: Ball 1-1: SINGLE (Groundball, 6MD, EV 102.5 MPH)
|
Batting: SHB Dave Collins
|
0-0: Ball 1-0: Swinging Strike 1-1: Foul Ball, location: 2F 1-2: Ball 2-2: Fielders Choice at 2nd, 4-6 (Groundball, 4, EV 88.8 MPH)
|
Batting: LHB Willie Aikens
|
0-0: Ball 1-0: Ball 2-0: Ball 3-0: Base on Balls Dave Collins to second
|
Batting: LHB George Brett
|
0-0: Ball 1-0: Called Strike 1-1: Called Strike 1-2: Ball 2-2: Ground out U3 (Groundball, 3, EV 110.0 MPH)
|
Top of the 11th over - 0 runs, 1 hit, 0 errors, 2 left on base; Boston 1 - Oakland 1 |
BOTTOM OF THE 11TH |
Oakland Athletics batting - Pitching for Boston Red Sox : RHP Bruce Sutter
|
Pitching: RHP Luis Albo
|
|
Batting: LHB Ruppert Jones
|
0-0: Fly out, F9 (Flyball, 9LS, EV 94.4 MPH)
|
Batting: RHB Dave Henderson
|
0-0: Ground out 5-3 (Groundball, 56, EV 101.3 MPH)
|
Batting: LHB Reggie Jackson
|
0-0: Foul Ball, location: 2F 0-1: Foul Ball, location: 2F 0-2: Foul Ball, location: 2F 0-2: Foul Ball, location: 2F 0-2: Strikes out swinging
|
Bottom of the 11th over - 0 runs, 0 hits, 0 errors, 0 left on base; Boston 1 - Oakland 1 |
TOP OF THE 12TH |
Boston Red Sox batting - Pitching for Oakland Athletics : RHP Danny Darwin
|
Batting: LHB Claudell Washington
|
0-0: Called Strike 0-1: Swinging Strike 0-2: Foul Ball, location: 2F 0-2: Foul Ball, location: 2F 0-2: Foul Ball, location: 2F 0-2: SINGLE (Groundball, 6S, EV 62.5 MPH) (infield hit)
|
Batting: RHB Jeff Burroughs
|
0-0: Ball 1-0: Ball Claudell Washington steals 2nd, throwing error, E2 Claudell Washington to third 2-0: Intentional Walk
|
Pitching: RHP Mitch Byrnes
|
|
Batting: LHB Daryl Sconiers
|
0-0: Foul Ball, location: 2F 0-1: Ball 1-1: Ball 2-1: Ball 3-1: Called Strike 3-2: Base on Balls Jeff Burroughs to second
|
Batting: SHB Scotti Madison
|
0-0: Ball 1-0: Foul Ball, location: 2F 1-1: Ball Wild Pitch! Claudell Washington scores Jeff Burroughs to third Daryl Sconiers to second 2-1: Ground out 4-3 (Groundball, 4, EV 85.0 MPH)
|
Batting: SHB Albert Hall
|
0-0: Intentional Walk
|
Batting: SHB Nelson Norman
|
0-0: Swinging Strike 0-1: Ball 1-1: SINGLE (Groundball, 56, EV 105.0 MPH) Jeff Burroughs scores Daryl Sconiers to third Albert Hall to second Runner from 3rd tries for Home, SAFE, throw by LF to home
|
Batting: SHB Dave Collins
|
0-0: Ball 1-0: Called Strike 1-1: Foul Ball, location: 2F 1-2: Ball 2-2: Ball 3-2: Strikes out swinging
|
Batting: LHB Willie Aikens
|
0-0: Called Strike 0-1: Foul Ball, location: 2F 0-2: Ball 1-2: Strikes out swinging
|
Top of the 12th over - 3 runs, 2 hits, 1 error, 2 left on base; Boston 4 - Oakland 1 |
BOTTOM OF THE 12TH |
Oakland Athletics batting - Pitching for Boston Red Sox : RHP Luis Albo
|
Batting: LHB Ben Oglivie
|
0-0: Ball 1-0: Called Strike 1-1: Foul Ball, location: 2F 1-2: Fly out, F9 (Flyball, 89D, EV 95.0 MPH)
|
Batting: RHB Barry Evans
|
0-0: Foul Ball, location: 2F 0-1: DOUBLE (Line Drive, 7LS, EV 98.8 MPH)
|
Batting: RHB Willie Darkis
|
0-0: Ball 1-0: Foul Ball, location: 2F 1-1: Ball Wild Pitch! Barry Evans to third 2-1: Called Strike 2-2: Strikes out looking
|
Batting: RHB Earl C Williams
|
0-0: Ball 1-0: Swinging Strike 1-1: Ball 2-1: Reached on error, E5 (Groundball, 56, EV 78.1 MPH) Barry Evans scores
|
Batting: RHB John Scott
|
0-0: Called Strike 0-1: Fly out, F8 (Flyball, 8LS, EV 91.3 MPH)
|
Bottom of the 12th over - 1 run, 1 hit, 1 error, 1 left on base; Boston 4 - Oakland 2 |
|